 Dungeon Crawl Stone Soup version 0.20.1-1-g8b1a95d (console) character file.

112 hilaritas the Chopper (level 4, -6/40 HPs)
             Began as a Hill Orc Fighter on Feb 25, 2018.
             Killed from afar by damerell's ghost (7 damage)
             ... with a puff of flame
             ... on level 4 of the Dungeon.
             The game lasted 00:06:17 (2505 turns).

hilaritas the Chopper (Hill Orc Fighter)            Turns: 2505, Time: 00:06:17

Health: -6/40      AC: 11    Str: 24    XL:     4   Next: 95%
Magic:  4/4        EV:  4    Int:  8    God:
Gold:   182        SH: 10    Dex: 10    Spells: 3/3 levels left

rFire    . . .     SeeInvis .   a - +1 war axe
rCold    . . .     Gourm    .   c - +1 shield
rNeg     . . .     Faith    .   m - +0 plate armour
rPois    .         Spirit   .   (no helmet)
rElec    .         Reflect  .   (no cloak)
rCorr    .         Harm     .   (no gloves)
MR       .....                  (no boots)
Stlth    ..........             (no amulet)
Regen    0.2/turn               (no ring)
MPRegen  0.1/turn               (no ring)

@: mighty
A: no striking features
a: no special abilities


You were on level 4 of the Dungeon.
You were not hungry.

You visited 1 branch of the dungeon, and saw 4 of its levels.

You collected 182 gold pieces.

Inventory:

Hand Weapons
 a - a +1 war axe (weapon)
Armour
 c - a +1 shield (worn)
 m - a +0 plate armour (worn)
Jewellery
 j - an uncursed ring of ice
Scrolls
 h - a scroll of identify
 i - 4 scrolls of remove curse
 p - a scroll of teleportation
Potions
 b - a potion of brilliance
 e - a potion of agility
 g - 2 potions of mutation
Comestibles
 f - 3 bread rations
 k - 6 fruits
 l - 3 chunks of flesh
 n - a royal jelly


   Skills:
 + Level 4.2 Fighting
 * Level 5.4 Axes
 - Level 3.2 Armour
 + Level 4.0 Shields


You had 3 spell levels left.
You didn't know any spells.

Dungeon Overview and Level Annotations

Branches:
Dungeon (4/15)
 Temple: D:4-7

Altars:
Nemelex Xobeh

Annotations:
D:4 damerell's ghost, amateur DEFE


Message History

Your shield prevents you from hitting the orc.
You are covered in liquid flames!
* * * LOW HITPOINT WARNING * * *
You block the orc's attack.
Damerell's ghost hits you but does no damage.
Okay, then.
Your plate armour prevents you from hitting damerell's ghost.
Damerell's ghost is severely damaged.
Your shield and plate armour prevent you from hitting the orc.
You are covered in liquid flames!
* * * LOW HITPOINT WARNING * * *
The orc hits you but does no damage.
Damerell's ghost hits you but does no damage.
You block the orc's attack.
You completely miss damerell's ghost.
Damerell's ghost is severely damaged.
Your shield and plate armour prevent you from hitting the orc.
Damerell's ghost casts a spell at you. The puff of flame hits you!
You die...

..........#
...#.....#
#........#
.##........#
...........### #
.$...........#..
.......o........
#......@........
........W.......
#.....##........
#....# #........
..#.. ......#..
.... .........
..# .....##...
.. .....# #..
#.....# ##


You could see damerell's ghost and an orc.

Vanquished Creatures
  A worker ant (D:3)
  2 adders (D:2)
  An ooze (D:3)
  A dart slug (D:1)
  3 orcs (D:3)
  5 giant cockroaches
  6 goblins
  4 hobgoblins
  2 jackals (D:3)
  5 quokkas
  2 ball pythons
  8 bats
  10 frilled lizards
  5 kobolds
  5 rats
60 creatures vanquished.

Notes
Turn   | Place    | Note
-------+----------+-------------------------------------------
     0 | D:1      | hilaritas the Hill Orc Fighter began the quest for the Orb.
     0 | D:1      | Reached XP level 1. HP: 19/19 MP: 1/1
   268 | D:1      | Reached skill level 3 in Axes
   268 | D:1      | Reached XP level 2. HP: 27/27 MP: 2/2
   995 | D:2      | Found a sparkling altar of Nemelex Xobeh.
  1026 | D:2      | Reached XP level 3. HP: 27/33 MP: 3/3
  1378 | D:2      | Reached skill level 4 in Axes
  1839 | D:2      | Reached XP level 4. HP: 40/40 MP: 4/4
  2440 | D:4      | Noticed damerell's ghost (amateur DEFE)
  2446 | D:3      | Reached skill level 5 in Axes
  2503 | D:4      | HP: 3/40 [burnt (7)]
  2504 | D:4      | HP: 1/40 [burnt (2)]
  2505 | D:4      | Killed from afar by damerell's ghost

Skill      XL: |  1  2  3  4 |
---------------+-------------+-----
Axes           | 3 4 5 |  5.4
Fighting       | 4 |  4.2
Shields        | 4 |  4.0
Armour         | |  3.2

Action                   |  1- 3 |  4- 6 || total
-------------------------+-------+-------++-------
Melee: War axe           |   135 |    59 ||   194
  Use: Scroll            |     9 |     3 ||    12
       Potion            |       |     2 ||     2
  Eat: Chunk             |     3 |     2 ||     5
Armor: Scale mail        |    77 |     5 ||    82
       Plate armour      |       |    36 ||    36
Dodge: Dodged            |    42 |    11 ||    53
Block: Shield            |    75 |    21 ||    96
